 Dungeon Crawl Stone Soup version 0.31-a0-949-g57150269e1 (webtiles) character file.

Game seed: 9239809570491334935

113 Getoffmy the Trooper (level 4, 0/38 HPs)
             Began as a Barachi Fighter on Oct 23, 2023.
             Was a Believer of Wu Jian.
             Killed from afar by an orc wizard (10 damage)
             ... with a magic dart
             ... on level 3 of the Dungeon.
             The game lasted 00:02:38 (1533 turns).

Getoffmy the Trooper (Barachi Fighter)              Turns: 1533, Time: 00:02:38

Health: 0/38       AC:  9    Str: 19    XL:     4   Next: 96%
Magic:  4/4        EV: 10    Int: 17    God:    Wu Jian [**....]
Gold:   98         SH:  5    Dex: 12    Spells: 3/3 levels left

rFire   . . .        a - +0 war axe
rCold   . . .        c - +0 buckler
rNeg    . . .        n - +4 ring mail of Hepliaklqana's Fury {rElec rPois Int+3}
rPois   +            (no helmet)
rElec   +            (no cloak)
rCorr   .            (no gloves)
SInv    .            (no boots)
Will    .....        (no amulet)
Stlth   +            h - +6 ring of intelligence
HPRegen 0.26/turn    g - ring of poison resistance
MPRegen 0.09/turn

%: no passive effects
@: slow
A: amphibious, slowness 1, strong legs 1, +LOS
a: Hop, Renounce Religion, Wall Jump


You were on level 3 of the Dungeon.
You worshipped Wu Jian.
Wu Jian was pleased with you.
You visited 1 branch of the dungeon, and saw 3 of its levels.

You collected 98 gold pieces.

Inventory:

Hand Weapons
 a - a +0 war axe (weapon)
Missiles
 k - 5 boomerangs
 l - 6 poisoned darts
Armour
 c - a +0 buckler (worn)
 n - the +4 ring mail of Hepliaklqana's Fury (worn) {rElec rPois Int+3}
   (You found it on level 2 of the Dungeon)

   Int+3:     It affects your intelligence (+3).
   rElec:     It insulates you from electricity.
   rPois:     It protects you from poison
Jewellery
 g - a ring of poison resistance (right hand)
 h - a +6 ring of intelligence (left hand)
Wands
 m - a wand of roots (5)
Scrolls
 f - a scroll of enchant armour {unknown}
 j - 2 scrolls of identify {unknown}
Potions
 d - a potion of might
 e - a potion of degeneration {unknown}
 i - a potion of haste {unknown}


   Skills:
 + Level 4.4 Fighting
 * Level 3.8 Axes
 + Level 4.3 Armour
 + Level 4.0 Shields


You had 3 spell levels left.
You didn't know any spells.
Your spell library contained the following spells:

 Spells                   Type           Power      Damage    Failure   Level
 Ensorcelled Hibernation  Hex/Ice        0%         N/A       58%         2
 Passwall                 Tmut/Erth      0%         N/A       58%         2
 Swiftness                Air            0%         N/A       82%         3


Dungeon Overview and Level Annotations

Branches:
Dungeon (3/15)

Altars:
Wu Jian


Innate Abilities, Weirdness & Mutations

You are amphibious.
You cover ground slowly.
You can hop short distances.
You have an extended range of vision and can be seen from far away.


Message History

The puff of flame hits you but does no damage.
The orc wizard hits you but does no damage.
You miss the orc wizard.
The orc wizard is severely wounded.
The orc wizard hits you but does no damage.
The orc wizard misses you. Something hits you.
You miss something.
You hit the orc wizard but do no damage.
Something hits you but does no damage.
The orc wizard casts a spell.
The orc wizard flickers and vanishes!
You feel less confused.
You hear some strange, mumbled words.
A puff of flame appears from out of thin air!
The puff of flame hits you.
You closely miss something. Something hits you but does no damage.
You miss something. Something hits you but does no damage.
Something hits you but does no damage. Something hits you.
There is an open door here.
You see here a ball python corpse.
Found an escape hatch in the floor.
A magic dart appears from out of thin air!
The magic dart hits you! Something hits you but does no damage.
You hear some strange, mumbled words.
A magic dart appears from out of thin air!
The magic dart hits you!
* * * LOW HITPOINT WARNING * * *
Something hits you but does no damage.
Items here: )) [ †.
You barely miss something. You miss something. Something hits you.
* * * LOW HITPOINT WARNING * * *
Something hits you but does no damage. x2
You closely miss something. You barely miss something.
Something hits you but does no damage. x2
You hit something. x2
You hear some strange, mumbled words.
A magic dart appears from out of thin air!
The magic dart hits you!
You die...

####...........#
#..########.#
#.### .# #...#
###.# ####.#
#....#
#########{####..>.
.........@{......<
##....#...........
#.. ####.....### #
.....# ......#
......# ......#
#.###.# .# .#


There were no monsters in sight!

Vanquished Creatures
  An iguana (D:2)
  4 adders (D:2)
  A dart slug (D:1)
  3 orcs (D:3)
  8 bats
  6 endoplasms
  2 giant cockroaches
  A hobgoblin (D:2)
  3 quokkas
  3 ball pythons
  A frilled lizard (D:2)
  6 kobolds
  10 rats
49 creatures vanquished.

Notes
Turn   | Place    | Note
-------+----------+-------------------------------------------
     0 | D:1      | Getoffmy the Barachi Fighter began the quest for the Orb.
     0 | D:1      | Reached XP level 1. HP: 18/18 MP: 1/1
   121 | D:1      | Reached XP level 2. HP: 23/25 MP: 2/2
   138 | D:1      | Found a faded altar of an unknown god.
   148 | D:1      | Prayed at the altar of an unknown god.
   148 | D:1      | Became a worshipper of the Wu Jian Council
   148 | D:1      | Reached * piety under Wu Jian
   745 | D:2      | Identified the +4 ring mail of Hepliaklqana's Fury {rElec
                  | rPois Int+3}
   770 | D:2      | Reached XP level 3. HP: 30/30 MP: 3/3
   907 | D:2      | Reached XP level 4. HP: 30/37 MP: 4/4
  1024 | D:2      | Reached ** piety under Wu Jian
  1533 | D:3      | Killed from afar by an orc wizard

Illustrated notes

Levels and vault maps discovered:
D:1:      minmay_arrival_four_circles, layout_basic,
          hellmonk_ecumenical_altar_arch_garden
D:2:      layout_basic
D:3:      layout_basic, trog_hazing_becter, serial_co_window_serial,
          co_window_paths_a, co_window_corner_a, co_window_paths_a,
          co_window_corner_a, co_window_corner_a, co_window_unsneaky_path_e,
          co_window_broadway_b, co_window_cross_3, co_window_sun,
          co_window_paths_d, glass_columns_a, glass_columns_b,
          pf_guarded_unrand_meek

Skill      XL: |  1  2  3  4 |
---------------+-------------+-----
Fighting       | 4 |  4.4
Axes           | 3 |  3.8
Armour         | 4 |  4.3
Shields        | 4 |  4.0

Action                     |  1- 3 |  4- 6 || total
---------------------------+-------+-------++-------
  Melee: War axe           |    74 |    66 ||   140
Ability: Lunge             |     2 |     5 ||     7
         Whirlwind         |       |     4 ||     4
 Armour: Scale mail        |    44 |    48 ||    92
         Ring mail         |       |    25 ||    25
  Dodge: Dodged            |    29 |    26 ||    55
  Block: Buckler           |    14 |    11 ||    25

Table legend: (Time is in decaauts)
 A = Elapsed time spent in this place.
 B = Non-inter-level travel time spent in this place.
 C = Inter-level travel time spent in this place.
 D = Time resting spent in this place.
 E = Time spent auto-exploring this place.
 F = Levels seen in this place.
 G = Mean time per level.
                   A        B        C        D        E       F      G
               +--------+--------+--------+--------+--------+-----+--------+
         Total |   1811 |   1659 |    152 |     33 |   1217 |   3 |  603.7 |
       Dungeon |   1811 |   1659 |    152 |     33 |   1217 |   3 |  603.7 |
               +--------+--------+--------+--------+--------+-----+--------+

Top non-repeatable levels by time:
     D:2: 863 daAuts
     D:1: 825 daAuts
     D:3: 122 daAuts
